Map: Winter Madness LE

Players

Geralt (Gerald)

  • Race: Protoss Protoss
  • League: Grandmaster
  • Spawn Location: 5:00

Zoun - Winner!

  • Race: Protoss Protoss
  • League: Master
  • Spawn Location: 11:00

VOD

Have the link to the VOD?

Description

Time

  • Played on: Jan. 30, 2026, 8:02 a.m.
  • Length: 10:40
Show
View Real Time Build Order
Export as new Build Order

Geralt Protoss 

Build Orders: Oracle Opening 

Get SALT Encoding   

  12  0:00  Probe  
  13  0:12  Probe  
  14  0:17  Pylon  
  14  0:22  Probe  
  15  0:31  Probe  
  16  0:36  Gateway  
  16  0:39  Probe  
  16  0:45  Assimilator  
  17  0:51  Probe  
  17  0:55  Assimilator  
  18  1:00  Probe  
  19  1:06  Gateway  
  19  1:08  Probe  
  19  1:18  Probe  
  20  1:24  Cybernetics Core  
  21  1:30  Probe  
  22  1:34  Pylon  
  22  1:42  Probe  
  23  1:54  Probe  
  23  1:58  Stalker x2  
  28  2:04  Warp Gate  
  28  2:06  Probe  
  29  2:19  Probe  
  29  2:20  Pylon  
  30  2:25  Pylon  
  30  2:32  Stargate  
  30  2:39  Probe  
  32  2:51  Probe  
  31  3:00  Nexus  
  31  3:04  Shield Battery  
  31  3:07  Oracle, Probe  
  35  3:23  Shield Battery, Probe  
  36  3:32  Pylon  
  36  3:35  Twilight Council  
  36  3:38  Probe  
  37  3:51  Probe  
  37  3:52  Adept x2  
  42  4:03  Probe  
  42  4:04  Blink  
  42  4:05  Gateway  
  43  4:13  Probe  
  43  4:15  Probe  
  45  4:25  Probe  
  45  4:28  Probe  
  45  4:36  Oracle  
  46  4:39  Stalker x2  
  46  4:41  Probe  
  46  4:43  Gateway  
  46  4:46  Probe  
  46  4:51  Assimilator  
  49  4:56  Probe  
  50  5:00  Stalker  
  50  5:01  Probe  
  50  5:04  Stalker  
  55  5:07  Stalker  
  55  5:08  Probe  
  58  5:16  Probe  
  58  5:20  Probe  
  58  5:21  Pylon  
  60  5:40  Stalker x4  
  66  5:48  Probe  
  67  5:51  Gateway  
  67  5:54  Pylon  
  66  5:58  Shield Battery  
  66  6:01  Probe  
  66  6:03  Stalker  
  69  6:15  Stalker x3  
  75  6:20  Pylon  
  72  6:32  Probe  
  67  6:36  Stalker  
  67  6:37  Probe  
  67  6:39  Stalker  
  72  6:40  Stalker x2, Gateway  
  62  7:01  Stalker x2  
  62  7:04  Probe  
  62  7:05  Probe  
  62  7:07  Gateway  
  67  7:08  Stalker  
  67  7:09  Stalker x2  
  67  7:10  Gateway  
  73  7:29  Stalker  
  73  7:30  Stalker  
  73  7:32  Probe  
  73  7:33  Assimilator, Stalker  
  73  7:34  Stalker x3  
  84  7:47  Nexus  
  84  7:57  Stalker  
  86  7:59  Pylon  
  82  8:10  Stalker  
  82  8:11  Stalker x2  
  66  8:40  Stalker x2  
Show
View Real Time Build Order
Export as new Build Order

Zoun Protoss - Winner!

Build Orders: Phoenix Opening, Blink Stalkers 

Get SALT Encoding   

  12  0:00  Probe  
  13  0:12  Probe  
  14  0:17  Pylon  
  14  0:23  Probe  
  15  0:31  Probe  
  15  0:36  Gateway  
  15  0:39  Probe  
  16  0:45  Assimilator  
  17  0:50  Probe  
  17  0:54  Assimilator  
  18  0:59  Probe  
  19  1:07  Gateway, Probe  
  20  1:17  Probe  
  20  1:25  Cybernetics Core  
  21  1:29  Probe  
  22  1:33  Pylon  
  22  1:41  Probe  
  23  1:53  Probe  
  24  1:58  Stalker  
  24  2:01  Adept  
  24  2:02  Warp Gate  
  24  2:05  Probe  
  29  2:10  Pylon  
  29  2:20  Pylon  
  29  2:31  Probe  
  30  2:37  Stalker  
  30  2:40  Sentry  
  34  2:46  Phoenix  
  34  2:54  Nexus  
  34  3:02  Shield Battery  
  34  3:09  Probe  
  35  3:15  Twilight Council  
  35  3:23  Probe, Shield Battery  
  35  3:25  Blink  
  34  3:35  Probe  
  34  3:36  Pylon  
  35  3:47  Probe  
  36  3:50  Sentry  
  36  3:54  Sentry  
  40  3:59  Probe  
  41  4:06  Probe  
  42  4:11  Probe  
  42  4:15  Stalker  
  43  4:18  Probe  
  43  4:20  Stalker  
  43  4:22  Phoenix  
  43  4:23  Probe  
  46  4:30  Probe  
  44  4:35  Probe  
  45  4:41  Pylon  
  45  4:42  Probe  
  46  4:47  Probe  
  46  4:50  Probe  
  46  4:51  Gateway  
  47  4:58  Probe  
  47  4:59  Gateway, Probe  
  50  5:11  Stalker  
  50  5:12  Probe  
  53  5:14  Stalker  
  53  5:16  Probe  
  56  5:21  Gateway  
  56  5:36  Stalker  
  56  5:38  Pylon  
  58  5:44  Stalker  
  58  5:49  Stalker  
  62  5:51  Probe x2  
  62  5:55  Stalker  
  66  6:02  Stalker  
  66  6:03  Probe  
  69  6:05  Probe  
  69  6:08  Assimilator, Stalker  
  72  6:12  Robotics Facility  
  72  6:15  Probe  
  71  6:20  Stalker x3  
  75  6:29  Probe  
  70  6:33  Stalker x2  
  70  6:37  Probe, Pylon  
  73  6:43  Stalker x2  
  77  6:53  Stalker  
  69  7:01  Stalker x2  
  69  7:06  Nexus  
  69  7:08  Observer  
  73  7:12  Stalker  
  73  7:15  Probe x2  
  78  7:17  Pylon  
  76  7:29  Stalker x2  
  80  7:33  Stalker  
  80  7:34  Probe x2  
  80  7:36  Pylon  
  84  7:41  Stalker  
  84  7:43  Stalker  
  88  7:46  Probe x2  
  90  7:53  Stalker  
  90  7:57  Stalker  
  94  8:07  Stalker  
  92  8:14  Stalker x2  
  86  8:37  Nexus  
  86  8:38  Pylon  
  79  8:48  Pylon  
  67  8:50  Pylon  
  67  8:53  Pylon  
  63  9:03  Shield Battery x2  
  63  9:17  Stalker  
  65  9:29  Observer  
  65  9:58  Gateway  
  65  9:59  Shield Battery  
  65  10:08  Shield Battery  
  57  10:28  Gateway  
Tags
 
Add a new tag
Caveats
  • Supply blocks, unpowered buildings, or Contaminate may cause inaccurate times.
  • Supply counts are checked every 10 seconds.